AoeStats
← JD

Arabia

513575920Analyzed
2v2 RM · 4d ago on Oct 14, 2026· 77m 28s· 4 players
Game mode
Random Map
Map size
Medium (4 player)
Population
200
Speed
Normal
Resources
Standard
Victory
Conquest
Starting age
Dark Age
Ending age
Imperial Age
RankedLock teamsTeams togetherTeam positionsShared explorationLock speedFull tech treeHidden civsTurbo modeCheats
Victory
Defeat
🇦🇺 Wei · Australia
1140
+17
🇦🇺 Saxons · Australia
1130
+18
vs
🇦🇺 Romans · Australia
1177
-18
🇦🇺 Saxons · Australia
1152
-17
Antimorbit
5:00 Loom
9:44 Feudal Age
10:18 Double-Bit Axe
12:07 Horse Collar
15:34 Gold Mining
21:07 Castle Age
20:16 Fletching
21:11 Bloodlines
22:31 Husbandry
22:53 Bow Saw
23:26 Bodkin Arrow
24:22 Wheelbarrow
25:06 Heavy Plow
26:34 Thumb Ring
27:06 Hand Cart
27:35 Town Watch
29:27 Padded Archer Armor
30:40 Ballistics
32:13 Stone Mining
35:17 Town Patrol
39:33 Imperial Age
38:12 Masonry
40:13 Scale Barding Armor
41:01 Heavy Hei Guang Cavalry
42:32 Conscription
43:17 Hoardings
43:18 Bracer
43:30 Forging
43:53 Parthian Tactics
43:54 Light Cavalry
48:15 Hussar
54:03 Onager
56:10 Chain Barding Armor
56:25 Iron Casting
62:20 Iron Casting
73:24 Leather Archer Armor
74:12 Blast Furnace
74:25 Gold Shaft Mining
74:39 Caravan
damo95
5:50 Loom
10:25 Feudal Age
11:05 Double-Bit Axe
15:02 Fletching
15:10 Horse Collar
22:20 Castle Age
21:20 Padded Archer Armor
23:23 Bow Saw
23:14 Bodkin Arrow
22:41 Crossbowman
24:55 Wheelbarrow
26:43 Leather Archer Armor
26:51 Ballistics
26:35 Town Watch
31:07 Hand Cart
32:40 Scale Mail Armor
33:17 Town Patrol
35:12 Stone Mining
38:51 Imperial Age
37:04 Chain Mail Armor
37:00 Thumb Ring
37:16 Heavy Plow
37:29 Masonry
38:22 Forging
39:29 Arbalester
40:40 Siege Engineers
43:37 Chemistry
43:09 Ring Archer Armor
42:41 Bracer
43:13 Ring Archer Armor
46:48 Two-Man Saw
46:20 Architecture
46:26 Plate Mail Armor
48:11 Conscription
50:04 Iron Casting
49:08 Onager
49:51 Arrowslits
53:53 Hoardings
55:07 Light Cavalry
56:08 Scale Barding Armor
56:48 Murder Holes
56:29 Hussar
57:22 Bloodlines
58:05 Husbandry
59:20 Chain Barding Armor
58:44 Shield Wall
69:53 Caravan
73:44 Treadmill Crane
JD
7:04 Loom
9:31 Feudal Age
10:04 Man-at-Arms
14:15 Double-Bit Axe
18:51 Castle Age
17:52 Horse Collar
18:05 Gold Mining
18:08 Stone Mining
20:58 Fletching
21:21 Forging
21:53 Wheelbarrow
26:07 Padded Archer Armor
25:43 Elite Skirmisher
28:33 Long Swordsman
31:31 Squires
30:52 Pikeman
33:30 Heavy Plow
33:52 Bodkin Arrow
34:13 Leather Archer Armor
35:08 Iron Casting
34:56 Ballistics
39:09 Imperial Age
37:33 Scale Mail Armor
39:37 Chain Mail Armor
39:31 Ballistas
39:56 Bow Saw
41:16 Ring Archer Armor
41:46 Blast Furnace
40:10 Heavy Scorpion
42:32 Chemistry
41:24 Halberdier
50:24 Hand Cart
49:55 Town Watch
51:24 Capped Ram
53:36 Legionary
64:14 Town Patrol
66:24 Siege Ram
mars
10:41 Feudal Age
10:38 Loom
11:23 Double-Bit Axe
13:37 Loom
16:28 Castle Age
14:23 Horse Collar
19:39 Wheelbarrow
19:58 Bow Saw
20:31 Fletching
20:43 Padded Archer Armor
22:33 Gold Mining
22:50 Stone Mining
23:35 Crossbowman
24:37 Heavy Plow
25:18 Ballistics
25:33 Bodkin Arrow
25:51 Elite Skirmisher
27:51 Leather Archer Armor
27:37 Elite Skirmisher
33:23 Scale Mail Armor
35:16 Chain Mail Armor
36:18 Bloodlines
35:29 Light Cavalry
36:13 Husbandry
36:22 Scale Barding Armor
36:58 Forging
40:00 Imperial Age
38:35 Gold Shaft Mining
38:45 Hand Cart
39:05 Masonry
38:51 Murder Holes
41:00 Chain Barding Armor
40:43 Bracer
41:14 Plate Mail Armor
40:06 Shield Wall
41:06 Conscription
43:07 Ring Archer Armor
43:13 Iron Casting
43:38 Elite Varangian Guard
44:30 Thumb Ring
46:20 Chemistry
45:31 Cavalier
47:31 Squires
47:17 Gambesons
50:26 Siege Engineers
57:12 Arson
59:17 Caravan
60:27 Architecture
59:57 Pikeman
60:42 Halberdier
63:07 Guilds
64:51 Town Watch
67:30 Capped Ram
68:43 Siege Ram
Connection lost

Rejoining the realm…

Still unreachable

The connection could not be restored.

Session expired

The server has moved on; the page needs a fresh start.